 Dungeon Crawl Stone Soup version 0.30-a0-808-g6e0788376e (webtiles) character file.

Game seed: 3681912323330466491

151 Ceno the Grave Robber (level 5, -7/24 HPs)
             Began as a Vine Stalker Necromancer on Feb 26, 2023.
             Killed by nerve-wracking pain
             ... invoked by an orc priest
              (13 damage)
             ... on level 3 of the Dungeon.
             The game lasted 00:09:01 (2221 turns).

Ceno the Grave Robber (Vine Stalker Necromancer)    Turns: 2221, Time: 00:09:02

Health: -7/24      AC:  6    Str: 11    XL:     5   Next: 33%
Magic:  0/10       EV: 11    Int: 17    God:
Gold:   176        SH:  0    Dex: 14    Spells: 5/9 levels left

rFire   + . .      SeeInvis .    q - +1 dagger (holy)
rCold   . . .      Faith    .    (no shield)
rNeg    . . .      Spirit   +    k - +1 leather armour
rPois   .          Reflect  .    g - +1 helmet
rElec   .          Harm     .    (no cloak)
rCorr   .          Rampage  .    (no gloves)
Will    .....                    (no boots)
Stlth   +++                      (no amulet)
HPRegen 1.04/turn                l - ring of protection from fire
MPRegen 0.12/turn                (no ring)

@: no status effects
A: fangs 2, regeneration 1, magic shield, antimagic bite, no potion heal 2
a: no special abilities


You were on level 3 of the Dungeon.
You visited 1 branch of the dungeon, and saw 3 of its levels.

You collected 176 gold pieces.

Inventory:

Hand Weapons
 q - a +1 dagger of holy wrath (weapon)
Missiles
 h - 36 stones (quivered)
 v - 4 poisoned darts
Armour
 g - a +1 helmet (worn)
 k - a +1 leather armour (worn)
Jewellery
 l - a ring of protection from fire (left hand)
Scrolls
 d - 2 scrolls of teleportation
 j - a scroll of poison
 m - a scroll of noise
 n - a scroll of butterflies {unknown}
 o - a scroll of vulnerability {unknown}
 r - a scroll of fog {unknown}
Potions
 a - a potion of lignification {unknown}
 b - a potion of magic
 c - 2 potions of degeneration
 e - a potion of brilliance {unknown}
 f - 2 potions of heal wounds {unknown}
 i - a potion of invisibility {unknown}
 p - 3 potions of haste
 s - a potion of curing {unknown}
 t - a potion of attraction {unknown}
 u - a potion of flight {unknown}


   Skills:
 - Level 1.5 Dodging
 - Level 5.0 Stealth
 + Level 2.7 Spellcasting
 * Level 5.2 Necromancy


You had 5 spell levels left.
You knew the following spells:

 Your Spells              Type           Power      Damage    Failure   Level
a - Necrotise             Necr           80%        1d8       2%          1
b - Vampiric Draining     Necr           20%        2d7       9%          3

Your spell library contained the following spells:

 Spells                   Type           Power      Damage    Failure   Level
 Foxfire                  Conj/Fire      8%         2x1d4     24%         1
 Shock                    Conj/Air       8%         1d3       24%         1
 Summon Small Mammal      Summ           8%         N/A       24%         1
 Animate Dead             Necr           20%        N/A       28%         4
 Swiftness                Air            2%         N/A       56%         3
 Agony                    Necr           20%        N/A       61%         5
 Airstrike                Air            1%         2d(1-17)  93%         4


Dungeon Overview and Level Annotations

Branches:
Dungeon (3/15)

Altars:

Shops:
D:3 *

Annotations:
D:3 1 runed translucent door, Crazy Yiuf


Innate Abilities, Weirdness & Mutations

You have extremely sharp teeth.
Your natural rate of healing is unusually fast.
When hurt, damage is shared between your health and your magic reserves.
Your bite disrupts and absorbs the magic of your enemies.
Potions cannot restore your health.


Message History

The orc priest writhes in agony.
The orc priest mumbles some strange prayers to Beogh against you.
Beogh smites you!
* * * LOW HITPOINT WARNING * * *
Casting: Necrotise (safe; 2% risk of failure)
Confirm with . or Enter, or press ? or * to list all spells.
You don't have enough magic to cast this spell.
You are too injured to fight recklessly!
You hit the orc priest but do no damage.
You bite the orc priest. You drain its power.
You feel invigorated.
The orc priest is heavily wounded.
The orc priest misses you.
The orc priest hits your orc priest skeleton with a +0 hand axe.
You hit the orc priest but do no damage.
The orc priest is heavily wounded.
Your orc priest skeleton hits the orc priest but does no damage.
The orc priest calls down the wrath of Beogh upon you.
Beogh smites you!
* * * LOW HITPOINT WARNING * * *
You hit the orc priest but do no damage.
The orc priest is heavily wounded.
Your orc priest skeleton crumbles into dust!
The orc priest barely misses you.
You hit the orc priest but do no damage.
The orc priest is heavily wounded.
The orc priest barely misses you.
You barely miss the orc priest.
The orc priest is heavily wounded.
The orc priest closely misses you.
You hit the orc priest.
You bite the orc priest, but do no damage.
The orc priest is severely wounded.
The orc priest hits you but does no damage.
You hit the orc priest but do no damage.
Your bite misses the orc priest.
The orc priest is severely wounded.
The orc priest invokes the aid of Beogh against you.
Pain shoots through your body!
Ouch! That really hurt!
You die...

##.##.#...# #..##.....## #.
#.>##....## #.##..#####..##
#...##..# ##..##### +....#
#.#.##.######)#...#####....#
##....................+....##
#..................###......
#.........o@.......# #......
#.................## #......
#.................# #†....#
#.................# #.....#
#........####.....####.....#
###......#.................#
#.......#.......#......o.†o
#...............#......#...
#.............###########...


You could see an orc priest.

Vanquished Creatures
  An orc priest (D:3)
  Jessica (D:3)
  3 adders
  2 dart slugs
  5 orcs (D:3)
  9 bats
  4 endoplasms
  2 giant cockroaches
  7 goblins
  3 hobgoblins
  A quokka (D:2)
  5 ball pythons
  2 frilled lizards (D:1)
  6 kobolds
  8 rats
59 creatures vanquished.

Vanquished Creatures (collateral kills)
  An orc (D:3)
1 creature vanquished.

Vanquished Creatures (others)
  3 fungi (D:3)
3 creatures vanquished.

Grand Total: 63 creatures vanquished

Notes
Turn   | Place    | Note
-------+----------+-------------------------------------------
     0 | D:1      | Ceno the Vine Stalker Necromancer began the quest for the
                  | Orb.
     0 | D:1      | Reached XP level 1. HP: 9/9 MP: 4/4
   273 | D:1      | Reached XP level 2. HP: 6/13 MP: 0/6
   721 | D:1      | Reached XP level 3. HP: 16/16 MP: 3/7
  1411 | D:2      | Learned a level 3 spell: Vampiric Draining
  1445 | D:2      | Gained mutation: Your natural rate of healing is unusually
                  | fast. [Vine Stalker growth]
  1445 | D:2      | Reached XP level 4. HP: 21/21 MP: 6/8
  1640 | D:2      | Got Sif Muna's Induction into Witchery
  1864 | D:3      | Found Anuz's General Store.
  1880 | D:3      | Found a runed translucent door.
  1881 | D:3      | Noticed Crazy Yiuf
  1999 | D:3      | Reached skill level 5 in Stealth
  2059 | D:3      | Noticed Jessica
  2078 | D:3      | Killed Jessica
  2149 | D:3      | Reached skill level 5 in Necromancy
  2149 | D:3      | Reached XP level 5. HP: 24/24 MP: 2/9
  2216 | D:3      | HP: 1/24 [orc priest/divine providence (10)]
  2221 | D:3      | Killed from afar by an orc priest

Illustrated notes

Levels and vault maps discovered:
D:1:      dpeg_arrival_central, layout_basic, minivault_5
D:2:      layout_rooms
D:3:      minmay_evil_eye, layout_basic, doesnt_xom_only_xom, serial_shops,
          shop, st_stairs_7, uniq_crazy_yiuf_cottage, uniq_jessica

Skill      XL: |  1  2  3  4 |
---------------+-------------+-----
Stealth        | 3 4 5 |  5.0
Necromancy     | 5 |  5.2
Dodging        | |  1.5
Spellcasting   | |  2.7

Action                     |  1- 3 |  4- 6 || total
---------------------------+-------+-------++-------
  Melee: Dagger            |    44 |    53 ||    97
         Unarmed           |     1 |       ||     1
         Bite              |     8 |    17 ||    25
   Cast: Necrotise         |    43 |    30 ||    73
    Use: Scroll            |     1 |     6 ||     7
   Stab: Sleeping          |     5 |     3 ||     8
 Armour: Robe              |     3 |       ||     3
         Leather armour    |     5 |    11 ||    16
  Dodge: Dodged            |    34 |    20 ||    54

Table legend: (Time is in decaauts)
 A = Elapsed time spent in this place.
 B = Non-inter-level travel time spent in this place.
 C = Inter-level travel time spent in this place.
 D = Time resting spent in this place.
 E = Time spent auto-exploring this place.
 F = Levels seen in this place.
 G = Mean time per level.
                   A        B        C        D        E       F      G
               +--------+--------+--------+--------+--------+-----+--------+
         Total |   2219 |   2148 |     71 |    158 |   1134 |   3 |  739.7 |
       Dungeon |   2219 |   2148 |     71 |    158 |   1134 |   3 |  739.7 |
               +--------+--------+--------+--------+--------+-----+--------+

Top non-repeatable levels by time:
     D:1: 1215 daAuts
     D:2: 547 daAuts
     D:3: 456 daAuts
